 Dungeon Crawl Stone Soup version 0.28-a0-556-gab23d0e057 (webtiles) character file.

Game seed: 3202737136517674089

16 flotson the Sneak (level 2, 0/24 HPs)
             Began as a Demonspawn Delver on Sept 28, 2021.
             Succumbed to an adder's poison
             ... in a sewer.
             The game lasted 00:01:54 (310 turns).

flotson the Sneak (Demonspawn Delver)                Turns: 310, Time: 00:01:54

Health: 0/24       AC:  5    Str: 12    XL:     2   Next: 41%
Magic:  2/2        EV: 10    Int: 11    God:
Gold:   14         SH:  0    Dex: 14    Spells: 1/1 levels left

rFire   . . .      SeeInvis .   a - +0 hand axe
rCold   . . .      Faith    .   (no shield)
rNeg    . . .      Spirit   .   d - +0 ring mail
rPois   .          Reflect  .   (no helmet)
rElec   .          Harm     .   (no cloak)
rCorr   .          Rampage  .   (no gloves)
Will    .....                   (no boots)
Stlth   ++........              (no amulet)
HPRegen 0.08/turn               (no ring)
MPRegen 0.08/turn               (no ring)

@: lethally poisoned (0 -> -3)
A: hooves 1
a: no special abilities


You were in a sewer.
You visited 1 branch of the dungeon, and saw 2 of its levels.
You also visited: Sewer.

You collected 14 gold pieces.

Inventory:

Hand Weapons
 a - a +0 hand axe (weapon)
Armour
 d - a +0 ring mail (worn)
Wands
 g - a wand of digging (3)
Scrolls
 c - a scroll of fog


   Skills:
 + Level 3.2 Fighting
 + Level 2.1 Axes
 + Level 0.7 Armour
 + Level 2.0 Dodging
 - Level 4.5 Stealth


You had one spell level left.
You didn't know any spells.
Your spell library was empty.

Dungeon Overview and Level Annotations

Branches:
Dungeon (5/15)              Sewer (1/1)
 Temple: D:4-7

Altars:

Annotations:
D:5 Ijyb


Innate Abilities, Weirdness & Mutations

You have large cloven feet.


Message History

The adder bites you but does no damage. The frilled lizard barely misses you.
You are too injured to fight recklessly!
You are too injured to fight recklessly!
You are too injured to fight recklessly!
You are too injured to fight recklessly!
You are too injured to fight recklessly!
You hit the frilled lizard.
You kill the frilled lizard!
You hit the adder.
You feel sick. The adder barely misses you. The adder closely misses you.
You hit the adder.
The adder is severely wounded.
You feel sick.
You are no longer poisoned.
The adder barely misses you. The adder bites you but does no damage.
You hit the adder.
The adder is severely wounded.
The adder bites you.
You are lethally poisoned!
The adder poisons you!
You hit the adder.
You kill the adder!
* * * LOW HITPOINT WARNING * * *
You feel sick.
Your Axes skill increases to level 2!
Your Dodging skill increases to level 2!
You have reached level 2!
Your demonic ancestry asserts itself...
Your feet thicken and deform.
You barely miss the quokka. Your kick misses the quokka.
* * * LOW HITPOINT WARNING * * *
You feel sick. The quokka bites you.
* * * LOW HITPOINT WARNING * * *
You hit the quokka.
You kill the quokka!
* * * LOW HITPOINT WARNING * * *
You feel sick.
You aren't carrying any potions.
There is a lethal amount of poison in your body!
You die...

#############
#####.≈≈≈≈≈†≈≈.≈#
###.∩..≈≈≈.≈@†≈≈.≈#
##≈...†#########..≈#
#∩..#### ≈≈# #####
.# #


There were no monsters in sight!

Vanquished Creatures
  An adder (Sewer)
  An endoplasm (Sewer)
  2 giant cockroaches (Sewer)
  A goblin (D:4)
  A quokka (Sewer)
  A frilled lizard (Sewer)
7 creatures vanquished.

Notes
Turn   | Place    | Note
-------+----------+-------------------------------------------
     0 | D:5      | flotson the Demonspawn Delver began the quest for the Orb.
     0 | D:5      | Reached XP level 1. HP: 18/18 MP: 1/1
    11 | D:5      | Noticed a scorpion
    21 | D:5      | Noticed Ijyb
    31 | D:5      | Noticed an iguana
    39 | D:5      | Noticed an ogre
    41 | D:4      | Noticed a scorpion
    99 | D:4      | Found a glowing drain.
   132 | Sewer    | Entered a sewer
   308 | Sewer    | Gained mutation: You have large cloven feet. [demonic
                  | ancestry]
   308 | Sewer    | Reached XP level 2. HP: 6/24 MP: 2/2
   309 | Sewer    | HP: 1/24 [poisoned by an adder]
   310 | Sewer    | Succumbed to an adder's poison

Illustrated notes

Levels and vault maps discovered:
D:4:      layout_basic, nicolae_tso_swordbearing_angel,
          cheibrodos_sewer_entry_drain
D:5:      layout_loops_corners, serial_undead, serial_undead_d, serial_undead_b,
          serial_undead_a, serial_undead_e, nicolae_elemental_shop,
          kennysheep_small_circle, uniq_ijyb, uniq_eustachio,
          uniq_prince_ribbit1
Sewer:    sewer_frog_island_02

Skill      XL: |  1 |
---------------+----+-----
Axes           | 2 |  2.1
Dodging        | 2 |  2.0
Fighting       | |  3.2
Armour         | |  0.7
Stealth        | |  4.5

Action                   || total
-------------------------++-------
Melee: Hand axe          ||    31
  Use: Scroll            ||     2
       Potion            ||     1
Armor: Ring mail         ||    11
       Leather armour    ||     2
Dodge: Dodged            ||    15

Table legend: (Time is in decaauts)
 A = Elapsed time spent in this place.
 B = Non-inter-level travel time spent in this place.
 C = Inter-level travel time spent in this place.
 D = Time resting spent in this place.
 E = Time spent auto-exploring this place.
 F = Levels seen in this place.
 G = Mean time per level.
                   A        B        C        D        E       F      G
               +--------+--------+--------+--------+--------+-----+--------+
         Total |    299 |    299 |      0 |    129 |     21 |   3 |   99.7 |
       Dungeon |    126 |    126 |      0 |     20 |     11 |   2 |   63.0 |
         Sewer |    173 |    173 |      0 |    109 |     10 |   1 |  173.0 |
               +--------+--------+--------+--------+--------+-----+--------+

Top non-repeatable levels by time:
   Sewer: 173 daAuts
     D:4: 85 daAuts
     D:5: 41 daAuts
